[Event "Božićni turnir u VaraždinskimToplicama 26.12.2025."]
[Site "Varazdinske Toplice, Croatia"]
[Date "2025.12.26"]
[Round "3.1"]
[White "Sardi, Darko"]
[Black "Segovic, Goran"]
[Result "0-1"]
[TimeControl "10"]
[WhiteFideId "14511100"]
[BlackFideId "14508842"]
[WhiteElo "1905"]
[BlackElo "2324"]

1. e4 e5 2. Nf3 Nc6 3. Bc4 Nf6 4. d3 Be7 5. O-O O-O 6. a3 d5 7. exd5 Nxd5 8. h3 Nb6 9. Bb3 Kh8 10.
Re1 Bd6 11. Nc3 f5 12. Ng5 Qe8 13. Nb5 h6 14. Nf3 Qd8 15. Nxd6 cxd6 16. Bd2 Qf6 17. Bc3 Ne7 18. Rb1 Nbd5 19.
Bd2 Bd7 20. c4 Nc7 21. Bc3 b6 22. Qe2 Ng6 23. Bd2 Ne6 24. Bd1 Bc6 25. Qf1 Ngf4 26. Kh2 Rae8 27. g3 Ng6 28. b4 Ba8 29.
h4 f4 30. gxf4 Nxh4 31. Qh3 Nxf3+ 32. Bxf3 Nxf4 33. Qg3 Bxf3 34. Bxf4 Qxf4 35. Qxf4 Rxf4 0-1

[Event "Božićni turnir u VaraždinskimToplicama 26.12.2025."]
[Site "Varazdinske Toplice, Croatia"]
[Date "2025.12.26"]
[Round "3.2"]
[White "Petrus, Adrian"]
[Black "Kodric, Vladimir"]
[Result "1-0"]
[TimeControl "10"]
[WhiteFideId "14573652"]
[BlackFideId "14604264"]
[WhiteElo "1636"]
[BlackElo "1920"]

1. e4 e6 2. d4 d5 3. Nc3 Nf6 4. e5 Nfd7 5. f4 c5 6. Nf3 cxd4 7. Nxd4 Nc6 8. Nce2 Nxd4 9. Nxd4 a6 10. Be3 Nc5 11.
Be2 Qc7 12. O-O g6 13. c3 Bg7 14. a4 O-O 15. a5 Ne4 16. Bd3 Bd7 17. Bxe4 dxe4 18. Nc2 Bc6 19. Bb6 Qe7 20. Nd4 Rfc8 21.
Qe1 Bd5 22. Qe3 Bf8 23. Rfe1 Qh4 24. Qg3 Qh5 25. h3 Be7 26. Qe3 Bh4 27. Red1 Qh6 28. b3 f5 29. c4 Bc6 30. Nxe6 Qh5 31. Rd2 Rf8 32. Nxf8 Rxf8 33.
Rad1 g5 34. g3 gxf4 35. gxf4 Kf7 36. e6+ Kxe6 37. Rf1 Rg8+ 38. Rg2 Rg6 39. Rxg6+ Qxg6+ 40. Kh2 Qf6 41. Qd4 Qxd4 42. Bxd4 Bd8 43. Bc3 Bc7 44. Kg3 b6 45. axb6 Bxb6 46. Bd2 Bd4 47. Re1 Be8 48. Be3 Bc3 49. Rc1 Bb4 50. Ra1 a5 51. Rd1 a4 52. bxa4 Bxa4 53. Rd5 Be1+ 54. Kg2 Bc6 55. Kf1 Bc3 56. Ke1 1-0

[Event "Božićni turnir u VaraždinskimToplicama 26.12.2025."]
[Site "Varazdinske Toplice, Croatia"]
[Date "2025.12.26"]
[Round "3.3"]
[White "Srsan, Matija"]
[Black "Vidovic, Sasa"]
[Result "1/2-1/2"]
[TimeControl "10"]
[WhiteFideId "14520001"]
[BlackFideId "14505010"]
[WhiteElo "1942"]
[BlackElo "2202"]

1. b3 Nf6 2. Bb2 d6 3.
e3 c6 4.
Nf3 Bg4 5. Be2 Nbd7 6. h3 Bh5 7. d4 Qc7 8. Nbd2 e6 9. e4 Bg6 10.
Bd3 d5 11. Qe2 dxe4 12. Nxe4 Nxe4 13. Bxe4 Bxe4 14. Qxe4 Qa5+ 15. c3 Nf6 16. Qe5 Qxe5+ 17. Nxe5 Bd6 18. Nf3 O-O 19. O-O Rfd8 20.
c4 a5 21. a4 h6 22. Rfe1 Bb4 23. Re3 Rab8 24. Bc3 Bxc3 25. Rxc3 Ne4 26. Rd3 Nc5 27. Re3 Na6 28. Rd1 Nb4 29.
Re2 b5 30. Re5 Rd7 31. axb5 cxb5 32. Ra1 a4 33. cxb5 axb3 34. Rb1 Nd5 35. Rxb3 Rdb7 36. Re1 Rxb5 37. Rxb5 Rxb5 38. Rc1 Rb8 39. g3 f6 40. Rc2 Kf7 41. Kg2 g5 42. Ra2 Rb7 43. Rc2 h5 44. Ra2 Nc3 45. Rc2 Nd5 46. Ra2 Rc7 47.
Rb2 Ra7 48. Rc2 Ra4 49. Rb2 g4 50.
hxg4 hxg4 51. Rb7+ Ke8 52. Nh2 Rxd4 53.
Rg7 f5 54. Nf1 Rd1 55. Ra7 Rc1 56. Rb7 Rc2 57. Kg1 Rc1 58. Kg2 Rc7 59. Rb8+ Ke7 60. Rb2 Rc3 61. Rb7+ Kf6 62. Rb2 Rd3 63. Nd2 Rc3 64. Ra2 Rc1 65. Rb2 Ke5 66. Nf1 Rc3 67. Ra2 f4 68. gxf4+ Nxf4+ 69. Kh2 Nd5 70. Ng3 Rc8 71. Re2+ Kf6 72.
Ne4+ Ke7 73. Ra2 Rc4 74. Ng3 Rf4 75.
Kg2 Rf8 76. Ne4 Rf4 77. Ng3 Rd4 78. Ra7+ Kd6 79. Ra6+ Ke5 80. Ra2 Nf4+ 81. Kh2 Nd3 82. Re2+ Kd5 83. Rd2 Ne5 84. Re2 Nf3+ 85. Kg2 Rd1 86. Nf1 e5 87. Re3 e4 88. Ra3 Rb1 89. Ne3+ 1/2-1/2

[Event "Božićni turnir u VaraždinskimToplicama 26.12.2025."]
[Site "Varazdinske Toplice, Croatia"]
[Date "2025.12.26"]
[Round "3.5"]
[White "Hostnjak, Domagoj"]
[Black "Zelenika, Zoran"]
[Result "*"]
[TimeControl "10"]
[WhiteFideId "14541548"]
[BlackFideId "14534452"]
[WhiteElo "1803"]
[BlackElo "2031"]

1. e4 c5 2. Nf3 e6 3. c4 Nc6 4. Nc3 a6 5. d4 cxd4 6. Nxd4 Qc7 7. Be3 Nf6 8. Be2 Bb4 9. Nxc6 Bxc3+ 10. bxc3 dxc6 11. f3 e5 12. O-O h6 13. c5 Be6 14.
Qa4 O-O 15. Rfd1 Rfd8 16. a3 Rxd1+ 17. Rxd1 Rd8 18. Rxd8+ Qxd8 19. Qb4 Qd7 20. Kf2 Ne8 21. Qb2 f5 22. exf5 Bxf5 23. Bc4+ Kh8 24.
Qd2 Qxd2+ 25. Bxd2 Nf6 26. Be3 Kh7 27. h3 g5 28. Ke2 Kg7 29. Kd2 Nd5 30. Bxd5 cxd5 31.
Bf2 Kf6 32. Bg3 Bd7 33. Ke3 Bb5 34. Bh2 h5 35. Bg3 h4 36. Bf2 Bf1 37. g3 hxg3 38. Bxg3 Bxh3 39. Kd3 Kf5 40. Ke3 Bf1 41. Bh2 Bb5 42. Bg3 Bc6 43. Bh2 e4 44. f4 g4 45. Bg3 Bb5 46. Bh4 Ke6 47.
Bg3 Bd7 48. Kd4 Bc6 49. Ke3 Ke7 50. Kd4 Ke6 51. Ke3 *

[Event "Božićni turnir u VaraždinskimToplicama 26.12.2025."]
[Site "Varazdinske Toplice, Croatia"]
[Date "2025.12.26"]
[Round "3.6"]
[White "Mravunac, Damir"]
[Black "Forstnaric, Zdravko"]
[Result "1-0"]
[TimeControl "10"]
[WhiteFideId "14502810"]
[BlackFideId "14523841"]
[WhiteElo "2044"]
[BlackElo "1836"]

1. f4 d5 2. b3 Bf5 3. Nf3 Nf6 4.
Bb2 g6 5. e3 Bg7 6. a4 O-O 7. Be2 Nbd7 8. O-O c5 9. h3 Be4 10. Ne5 Nxe5 11. Bxe5 d4 12. d3 Bc6 13. Bf3 dxe3 14.
Bxc6 bxc6 15. Qe1 Nd7 16. Bxg7 Kxg7 17. Qxe3 e6 18. Nd2 Qe7 19.
Rae1 Rfe8 20. Ne4 Rad8 21. Qd2 Nf6 22. Qc3 Rd5 23. g4 Rd4 24. Nxc5 Qd6 25. Ne4 Nxe4 26. Rxe4 c5 27. b4 e5 28.
bxc5 Rxe4 29. cxd6 1-0

[Event "Božićni turnir u VaraždinskimToplicama 26.12.2025."]
[Site "Varazdinske Toplice, Croatia"]
[Date "2025.12.26"]
[Round "3.7"]
[White "Soelkner, Julian"]
[Black "Sagovac, Kristijan"]
[Result "*"]
[TimeControl "10"]
[WhiteFideId "1665421"]
[BlackFideId "14542960"]
[WhiteElo "1661"]
[BlackElo "2014"]

1. d4 Nf6 2. Bf4 e6 3. Nf3 b6 4. c4 Bb7 5. Nc3 Be7 6. e3 O-O 7. Bd3 d5 8. cxd5 exd5 9. O-O Nbd7 10. Rc1 Rc8 11. Ne2 c5 12. Ne5 Nxe5 13. Bxe5 Re8 14.
Ng3 Bd6 15. f4 Ne4 16. Nf5 Bxe5 17. dxe5 Rc7 18. Bxe4 dxe4 19. Qg4 g6 20. Nd6 Re6 21. Rfd1 Qe7 22. Nxb7 Rxb7 23. Rd6 Rd7 24. Rxe6 *

[Event "Božićni turnir u VaraždinskimToplicama 26.12.2025."]
[Site "Varazdinske Toplice, Croatia"]
[Date "2025.12.26"]
[Round "3.8"]
[White "Sostaric, Denis"]
[Black "Srnec, Sladjan"]
[Result "*"]
[TimeControl "10"]
[WhiteFideId "14615851"]
[BlackFideId "14524554"]
[WhiteElo "1868"]
[BlackElo "1795"]

1. e4 d6 2. d4 g6 3. Nc3 Bg7 4. Be3 Nf6 5. f3 O-O 6. g4 Nbd7 7. h4 c5 8. Nge2 h5 9. gxh5 Nxh5 10. Qd2 cxd4 11. Bxd4 e5 12. Be3 Ndf6 13. O-O-O Be6 14. Kb1 Qa5 15. Bh3 Bc4 16. Nc1 Rad8 17. Bg5 d5 18. exd5 Nf4 19.
Bxf6 Bxf6 20. Ne4 Qb6 21. Nxf6+ Qxf6 22. d6 Nxh3 23. Rxh3 Be6 24. Rh2 Bf5 25. h5 gxh5 26. Rxh5 Bg6 27.
Qh6 Qg7 28. Qxg7+ Kxg7 29.
Rxe5 Rd7 30. Re7 Rfd8 31. Rxd7 Rxd7 32. Nb3 b6 33.
Kc1 Bh5 34. Rd3 Bg6 35. Rd5 Kf6 36.
Nd4 a6 37. b3 Bh7 38. Kd2 Rd8 39.
d7 Kg7 40. Nc6 *

[Event "Božićni turnir u VaraždinskimToplicama 26.12.2025."]
[Site "Varazdinske Toplice, Croatia"]
[Date "2025.12.26"]
[Round "3.9"]
[White "Veres, Vedran"]
[Black "Bozinovic, Bogdan"]
[Result "*"]
[TimeControl "10"]
[WhiteFideId "79330134"]
[BlackFideId "14502593"]
[WhiteElo "1930"]
[BlackElo "2129"]

1. e4 c5 2. g3 d5 3. Bg2 dxe4 4. Bxe4 Nf6 5. Bg2 Qc7 6. d3 Bd7 7. Ne2 Bc6 8. O-O Bxg2 9. Kxg2 Nc6 10.
Nbc3 e6 11. Bf4 Qd7 12. Qc1 Be7 13. a3 O-O 14. h4 Rac8 15. Rh1 Nd4 16. Ne4 Nxe2 17. Qe3 Nxf4+ 18. gxf4 Nxe4 19. dxe4 Qd4 20.
Qe2 Rfd8 21. h5 Qd2 22. Qg4 f5 23. exf5 Qd5+ 24. Kg3 exf5 25. Qe2 Bf6 26. h6 g6 27. Rae1 Qc6 28. Qc4+ Qd5 29.
Re8+ Kf7 30. Qxd5+ Rxd5 31. Rxc8 Rd7 32.
Rxc5 Bxb2 33. a4 b6 34. Rc8 Bf6 35. Re1 g5 36. fxg5 Bxg5 37. Rh8 Kg6 38. Re6+ Kh5 39. Rf8 f4+ 40. Kf3 Bxh6 41. Rf5+ Bg5 42. Ree5 h6 43. Rxf4 Rc7 44. c4 Kg6 45. Rfe4 Kh5 46. Ke2 Kg6 47. Re6+ Kf7 48. f4 Bxf4 49. Kf3 Bg5 50. R6e5 Rd7 51. Kg4 Rd1 52. Rf5+ Kg6 53.
Re6+ Kg7 54. Rd5 Rg1+ 55. Kh5 Kf7 56. Rc6 Rh1+ 57. Kg4 Rg1+ 58. Kh3 Rc1 59. Rd7+ Ke8 60. Rxa7 Bd8 61. Ra8 Kd7 62. Rcc8 Bc7 63. Rh8 Rc3+ 64. Kg2 Rxc4 65. Rxh6 Rc5 66. Ra7 Kc8 67.
Rh8+ Kd7 68. Rh7+ Kc8 69. Kf3 Kb8 70. Ra6 Kb7 71.
Rxc7+ Rxc7 72. Rxb6+ Kxb6 *

[Event "Božićni turnir u VaraždinskimToplicama 26.12.2025."]
[Site "Varazdinske Toplice, Croatia"]
[Date "2025.12.26"]
[Round "3.10"]
[White "Vukmirovic, Dusan"]
[Black "Mesar, Darko"]
[Result "*"]
[TimeControl "10"]
[WhiteFideId "938785"]
[BlackFideId "14531038"]
[WhiteElo "2082"]
[BlackElo "1851"]

1. e4 c5 2. Nf3 a6 3.
c3 d5 4.
exd5 Qxd5 5. d4 e6 6. Bd3 Nf6 7. O-O Nbd7 8. c4 Qc6 9. Nc3 Be7 10. d5 exd5 11. Nxd5 Nxd5 12. cxd5 Qxd5 13.
Re1 Nf6 14. Bg5 Be6 15. Qc2 h6 16. Bxf6 Bxf6 17. Rad1 Qc6 18. Be4 Qc7 19. Qa4+ b5 20. Qa3 Ra7 21. Bd5 O-O 22. Rxe6 fxe6 23.
Bxe6+ Kh8 24. Bb3 Re8 25. Bc2 c4 26.
Qb4 Qe7 27. Qd2 Bxb2 28. Bb1 Bf6 29. Qc2 g5 30. Qg6 Qf8 31. h4 gxh4 32. Rd5 Bg5 33. Rf5 Qg8 34. Rxg5 hxg5 35. Qh6+ Rh7 36. Bxh7 Qxh7 37. Qf6+ Qg7 38.
Qf5 Rf8 39. Qg4 Rf4 40. Qh5+ Kg8 41.
Qe8+ Rf8 42. Qe6+ Kh8 43. Qg4 *

[Event "Božićni turnir u VaraždinskimToplicama 26.12.2025."]
[Site "Varazdinske Toplice, Croatia"]
[Date "2025.12.26"]
[Round "3.11"]
[White "Bicanic, Mile"]
[Black "Mitrovic, Boris"]
[Result "*"]
[TimeControl "10"]
[WhiteFideId "14579995"]
[BlackFideId "14610655"]
[WhiteElo "1761"]
[BlackElo "1968"]

1. d4 Nf6 2. Bf4 e6 3. e3 c5 4. c3 Nc6 5. Nf3 d5 6. Bd3 Bd6 7. Bg3 O-O 8. Nbd2 b6 9. Ne5 Qc7 10. Ndf3 Ne4 11. Nxc6 Qxc6 12.
Ne5 Qc7 13. f4 Bb7 14. Bxe4 dxe4 15.
Qh5 f6 16. Ng4 Rac8 17. O-O Qf7 18. Qh3 Rcd8 19. f5 exf5 20. Rxf5 Bc8 21. Bxd6 Rxd6 22. Qg3 Qd7 23. Rf4 cxd4 24. cxd4 Bb7 25. Rff1 Rc6 26.
Rac1 Rfc8 27. Rxc6 Rxc6 28. Nxf6+ Rxf6 29. Rxf6 g6 30.
Qb8+ Bc8 31. Qd6 Qxd6 32. Rxd6 Kf7 33. Rd5 h5 34. Re5 Bb7 35. Kf2 Bc6 36. a3 Kf6 37. Ke2 h4 38. g3 hxg3 39. hxg3 Kf7 40. g4 Kf6 41. g5+ Kf7 42. Kd2 Bb7 43. Kc3 Bc6 44. Kb4 a6 45. a4 a5+ 46. Ka3 Bb7 47. b4 axb4+ 48. Kxb4 Bc6 49. a5 bxa5+ 50. Kxa5 Bb7 51. Kb6 Ba8 52. Kc7 Kf8 53. Kd6 Kf7 54. Re6 Kg7 55.
Rf6 Bb7 56. Ke5 Ba8 57. d5 Bb7 58. d6 Bc6 59. Ke6 *

[Event "Božićni turnir u VaraždinskimToplicama 26.12.2025."]
[Site "Varazdinske Toplice, Croatia"]
[Date "2025.12.26"]
[Round "3.12"]
[White "Hergotic, Ivica"]
[Black "Kovacek, Pavlo"]
[Result "*"]
[TimeControl "10"]
[WhiteFideId "14523884"]
[BlackFideId "14559200"]
[WhiteElo "2054"]
[BlackElo "1704"]

1. e4 c5 2. f4 d5 3. e5 Bf5 4. Ne2 e6 5. Ng3 Bg6 6. Be2 Be7 7. d3 Nc6 8. Be3 a6 9. O-O d4 10. Bf2 Nh6 11. Nd2 Nf5 12.
Bf3 Rc8 13. Nxf5 exf5 14. a4 O-O 15. Bxc6 Rxc6 16. a5 f6 17. Nc4 Bf7 18. Nb6 Qc7 19. Re1 fxe5 20. fxe5 g5 21. Qf3 Be6 22.
c3 dxc3 23. bxc3 Qd8 24. d4 g4 25. Qd3 c4 26. Qd1 Bd5 27. Nxd5 Qxd5 28. Qb1 Rg6 29. Qc2 h5 30. Qe2 h4 31.
Ra4 Rc8 32. g3 h3 33. Be3 Qc6 34. Ra2 Rf8 35. Rf1 b5 36. axb6 Qxb6 37. Qxc4+ Kh7 38. Qd3 Qe6 39. Raf2 Qc6 40. d5 Qc8 41. d6 Bd8 42.
Rxf5 Rxf5 43. Rxf5 Qb7 44. Rf2 Kg7 45. Bd4 Bb6 46. e6+ Bxd4 47. Qxd4+ Kh6 48. Qf4+ Kh5 49. Qf5+ Rg5 50. Qf7+ *

[Event "Božićni turnir u VaraždinskimToplicama 26.12.2025."]
[Site "Varazdinske Toplice, Croatia"]
[Date "2025.12.26"]
[Round "3.15"]
[White "Kunovac, Marin"]
[Black "Lolic, Frano"]
[Result "1-0"]
[TimeControl "10"]
[WhiteFideId "79326005"]
[BlackFideId "79320708"]
[WhiteElo "1415"]
[BlackElo "1415"]

1. e4 c5 2. Nf3 e6 3. d4 cxd4 4. Nxd4 a6 5. Nc3 Qc7 6. Be3 Bb4 7. Qd3 Nf6 8. Bd2 O-O 9. a3 Bxc3 10.
Bxc3 d6 11. Nf3 Nbd7 12. Ng5 h6 13. Bxf6 Nxf6 14. Nf3 b5 15. Be2 Bb7 16. Nd2 Rac8 17. c3 d5 18. exd5 Nxd5 19. O-O Nf4 20.
Qe3 Nxg2 21. Qg3 Qxg3 22. hxg3 Rfd8 23. Bf3 Bxf3 24. Nxf3 Nf4 25. gxf4 Rc4 26. Rad1 Rdc8 27. Rd4 f6 28. Rfd1 Rxd4 29. Nxd4 Kf7 30. f5 exf5 31. Nxf5 Kg6 32.
Ne7+ 1-0

[Event "Božićni turnir u VaraždinskimToplicama 26.12.2025."]
[Site "Varazdinske Toplice, Croatia"]
[Date "2025.12.26"]
[Round "4.2"]
[White "Bozinovic, Bogdan"]
[Black "Petrus, Adrian"]
[Result "0-1"]
[TimeControl "10"]
[WhiteFideId "14502593"]
[BlackFideId "14573652"]
[WhiteElo "2129"]
[BlackElo "1636"]

1. d4 Nf6 2. c4 e6 3. Nc3 Bb4 4. f3 d5 5. a3 Bxc3+ 6. bxc3 O-O 7. cxd5 exd5 8. e3 b6 9. Ra2 c5 10. Bd3 Ba6 11. Ne2 Bxd3 12. Qxd3 Nc6 13. O-O Re8 14.
Ng3 Qd7 15. Re2 Rad8 16. Bb2 cxd4 17. cxd4 g6 18. e4 h5 19. e5 Nh7 20. f4 h4 21. Nh1 Ne7 22. Nf2 Nf5 23. Qh3 Rc8 24.
g4 hxg3 25. hxg3 Qb5 26. Rfe1 Qb3 27. Kg2 Ng7 28. g4 Qxh3+ 29. Kxh3 Rc4 30. Nd3 Rec8 31. Nb4 Ne6 32. Rf2 Rd8 33.
Rd1 a5 34. Nc2 Nxf4+ 35. Rxf4 Rxc2 36. Rb1 Rdc8 37. Rf3 Ng5+ 38. Kg3 Nxf3 39. Kxf3 Kf8 40. Kf4 Ke7 41. Kg5 b5 42. Ba1 Ra2 43. Bb2 Rc4 44. Bc1 b4 45. axb4 Rxb4 0-1

[Event "Božićni turnir u VaraždinskimToplicama 26.12.2025."]
[Site "Varazdinske Toplice, Croatia"]
[Date "2025.12.26"]
[Round "4.3"]
[White "Radic, Goran"]
[Black "Hergotic, Ivica"]
[Result "1-0"]
[TimeControl "10"]
[WhiteFideId "14533995"]
[BlackFideId "14523884"]
[WhiteElo "2051"]
[BlackElo "2054"]

1. d4 Nf6 2. Nc3 e6 3. Bf4 d5 4. e3 a6 5. a3 Bd6 6. Bd3 c5 7. dxc5 Bxc5 8. Nf3 Nc6 9. O-O Bd6 10. Bxd6 Qxd6 11. e4 d4 12.
Ne2 e5 13. Nd2 Ng4 14. Ng3 Nh6 15. Nc4 Qc7 16. a4 O-O 17. a5 Be6 18.
Nb6 Rad8 19. Qd2 f6 20. Ne2 Rd6 21. Nc4 Rd7 22. h3 Kh8 23. f4 Bxc4 24. Bxc4 exf4 25. Nxf4 Re8 26. Bd5 Ne7 27. Bb3 Nc6 28. Nd5 Qe5 29.
Nxf6 gxf6 30. Qxh6 Rg7 31. Qxf6 Qxe4 32. Qf8+ Rg8 33. Qf3 Qxf3 34. Rxf3 Rg7 35. Raf1 h6 36. Rf6 Kh7 37. Bc4 Ne5 38. Bd5 Ng6 39.
R1f2 Re5 40. Bc4 Re1+ 41. Kh2 Ne5 42. Re6 Re3 43. Bd5 Re1 44. Rf5 Re2 45. Rfxe5 1-0

[Event "Božićni turnir u VaraždinskimToplicama 26.12.2025."]
[Site "Varazdinske Toplice, Croatia"]
[Date "2025.12.26"]
[Round "4.5"]
[White "Sagovac, Kristijan"]
[Black "Bicanic, Mile"]
[Result "1-0"]
[TimeControl "10"]
[WhiteFideId "14542960"]
[BlackFideId "14579995"]
[WhiteElo "2014"]
[BlackElo "1761"]

1. e4 c6 2. d4 d5 3. Nc3 dxe4 4. Nxe4 Nf6 5. Nxf6+ exf6 6. Nf3 Bd6 7. Be2 O-O 8. O-O Re8 9. c3 Nd7 10. Re1 Nf8 11. Bd2 Bg4 12. Qb3 Qd7 13.
Be3 b5 14. a4 Be6 15. c4 a6 16. d5 cxd5 17. cxd5 Bg4 18. axb5 Bxf3 19. Bxf3 axb5 20. Be2 Rxa1 21. Rxa1 Rb8 22. Ra7 Qf5 23. Bd3 Qh5 24. h3 Qe5 25. g3 b4 26. Kg2 Ng6 27. Qc4 h6 28. Bxg6 fxg6 29. Bf4 Qxb2 30. Bxd6 Rd8 31.
Qc7 1-0

[Event "Božićni turnir u VaraždinskimToplicama 26.12.2025."]
[Site "Varazdinske Toplice, Croatia"]
[Date "2025.12.26"]
[Round "4.6"]
[White "Mesar, Darko"]
[Black "Srsan, Matija"]
[Result "0-1"]
[TimeControl "10"]
[WhiteFideId "14531038"]
[BlackFideId "14520001"]
[WhiteElo "1851"]
[BlackElo "1942"]

1. e4 c5 2. Nf3 e6 3. d4 cxd4 4. Nxd4 Nf6 5. Nc3 Bb4 6. f3 Nc6 7. Nde2 d5 8. exd5 Nxd5 9. Bd2 Qh4+ 10.
Ng3 Bd6 11. Nce4 Be7 12. Bb5 f5 13. Nf2 O-O 14. Bxc6 bxc6 15. Qe2 Rb8 16. O-O-O Qa4 17. Kb1 Bf6 18. Nd3 Bxb2 19. Nxb2 Qa3 20.
Qe5 Ba6 21. Qd4 Bc4 22. Be1 Rb7 23. Kc1 Bxa2 24. Rd3 Qa6 25. Bc3 Nxc3 26. Qxc3 Bd5 27. Re1 Qa1+ 28. Kd2 Qxb2 29. Qxb2 Rxb2 30.
Ra1 Rb7 31. Rda3 Rff7 32. Ne2 c5 33. Nf4 Rfd7 34. Nxd5 exd5 35. Ra5 Rbc7 36. Kd3 Kf7 37. g3 Ke6 38. c3 g6 39. Ra6+ Kf7 40. R1a3 Re7 41. h3 Rcd7 42. Rc6 c4+ 43. Kd2 Re6 44. Rxe6 Kxe6 45. Ra6+ Ke5 46. Ke3 f4+ 47. gxf4+ Kf5 48. Ra5 Re7+ 49. Rb5 0-1

[Event "Božićni turnir u VaraždinskimToplicama 26.12.2025."]
[Site "Varazdinske Toplice, Croatia"]
[Date "2025.12.26"]
[Round "4.7"]
[White "Vidovic, Sasa"]
[Black "Hostnjak, Domagoj"]
[Result "1-0"]
[TimeControl "10"]
[WhiteFideId "14505010"]
[BlackFideId "14541548"]
[WhiteElo "2202"]
[BlackElo "1803"]

1. b3 d5 2. Bb2 c5 3.
e3 e6 4.
f4 Nf6 5. Nf3 a6 6. Bd3 Nc6 7. O-O Be7 8. Qe1 Nb4 9. Qg3 Nxd3 10. cxd3 O-O 11. d4 Ne4 12. Qe1 cxd4 13. Bxd4 Bf6 14.
d3 Bxd4 15. Nxd4 Nd6 16. Nd2 Bd7 17. N2f3 Rc8 18. Qb4 Qc7 19. h3 a5 20. Qd2 b6 21. Rac1 Qb7 22. Ne5 Rxc1 23. Rxc1 Rc8 24.
Qb2 f6 25. Nef3 Rxc1+ 26. Qxc1 Qc8 27. Qa3 Qc5 28. Qb2 Kf7 29. Kf2 Bb5 30. Qd2 Bd7 31. g4 Nb5 32. Nxb5 Bxb5 33. Nd4 Bd7 34. Nf3 Bc6 35. d4 Qb5 36. Qc2 Bd7 37. Qxh7 Qc6 38.
g5 Kf8 39. g6 Qc2+ 40. Kg3 Be8 41. Qh8+ Ke7 42. Qxg7+ Kd6 43. Qf8+ Kd7 44. Qxf6 1-0

[Event "Božićni turnir u VaraždinskimToplicama 26.12.2025."]
[Site "Varazdinske Toplice, Croatia"]
[Date "2025.12.26"]
[Round "4.8"]
[White "Zelenika, Zoran"]
[Black "Kunovac, Marin"]
[Result "0-1"]
[TimeControl "10"]
[WhiteFideId "14534452"]
[BlackFideId "79326005"]
[WhiteElo "2031"]
[BlackElo "1415"]

1. Nf3 Nf6 2. g3 d5 3. Bg2 Nc6 4. d4 g6 5.
O-O Bg7 6. c4 e6 7. Nc3 O-O 8. Ne5 Nxe5 9. dxe5 Nd7 10. cxd5 Nxe5 11. dxe6 Qxd1 12. exf7+ Nxf7 13. Rxd1 Bxc3 14.
bxc3 Re8 15. Bf4 c6 16. e4 Be6 17. a3 Bg4 18. Rd2 Red8 19. Raa2 Rxd2 20. Rxd2 Rd8 21. Rxd8+ Nxd8 22. h3 Be6 23.
Bc7 Nf7 24. f4 Bd7 25. g4 Nh6 26. Kf2 Kf7 27. f5 gxf5 28. exf5 Kf6 29. Ke3 Nf7 30. Kf4 h6 31. h4 b5 32.
Be4 a6 33. Bb1 c5 34. Be4 Bc8 35. Bd5 Nh8 36. Be5+ 0-1

[Event "Božićni turnir u VaraždinskimToplicama 26.12.2025."]
[Site "Varazdinske Toplice, Croatia"]
[Date "2025.12.26"]
[Round "4.9"]
[White "Fodor, Ivan"]
[Black "Vukmirovic, Dusan"]
[Result "0-1"]
[TimeControl "10"]
[WhiteFideId "14509890"]
[BlackFideId "938785"]
[WhiteElo "1855"]
[BlackElo "2082"]

1. e4 c5 2. Nf3 Nc6 3. d3 e5 4. Be2 d6 5. Nc3 Nf6 6. O-O h6 7. h3 Be6 8. Re1 Be7 9. Nh2 Qd7 10.
f4 exf4 11. Bxf4 O-O 12. a3 a6 13. Na4 Qd8 14. b3 Nd4 15. Bf1 d5 16. c3 Nc6 17. e5 Nd7 18. d4 b5 19. Nb2 cxd4 20.
cxd4 Qb6 21. Nf3 f6 22. exf6 Rxf6 23. Be3 Raf8 24. Nh2 Bd6 25. Ng4 R6f7 26. Ne5 Ndxe5 27. dxe5 Bc5 28. Bxc5 Qxc5+ 29. Kh1 Nxe5 30. Qe2 Qd6 31. Nd3 Nxd3 32. Qxe6 Qxe6 33. Rxe6 Rxf1+ 34. Rxf1 Rxf1+ 35. Kh2 Rf2 36. Kg3 Rxg2+ 37. Kf3 Rh2 38. Rxa6 Rxh3+ 39. Ke2 Nc1+ 40. Kd1 Nxb3 41. Rb6 h5 42. Rxb5 Rh1+ 43. Kc2 Rd1 44. Kxd1 0-1

[Event "Božićni turnir u VaraždinskimToplicama 26.12.2025."]
[Site "Varazdinske Toplice, Croatia"]
[Date "2025.12.26"]
[Round "4.11"]
[White "Krainc, Luka"]
[Black "Sardi, Darko"]
[Result "0-1"]
[TimeControl "10"]
[WhiteFideId "14510723"]
[BlackFideId "14511100"]
[WhiteElo "1840"]
[BlackElo "1905"]

1. Nc3 Nf6 2. e4 d6 3. f4 g6 4.
Nf3 Bg7 5. Bc4 O-O 6. O-O c6 7. e5 Ng4 8. d4 dxe5 9. fxe5 b5 10. Bb3 a5 11. Ng5 Nh6 12. a4 b4 13. Nce4 Bf5 14.
Ng3 Bg4 15. Qd3 Na6 16. h3 Bd7 17. c3 e6 18. N5e4 Ra7 19. Nd6 c5 20. Nge4 Bc6 21. Nxc5 Nxc5 22. dxc5 bxc3 23. Qxc3 Qh4 24.
Rf4 Qh5 25. Bc2 Bxe5 26. Qe3 Bxf4 27. Qxf4 Nf5 28. Bxf5 exf5 29. Bd2 Qe2 30. Qf2 Qxf2+ 31. Kxf2 Rb8 32. Bc3 h5 33. Re1 Bxa4 34. Kf3 Bc6+ 35.
Kf2 a4 36. g3 a3 37. bxa3 Rxa3 38. Be5 Rf3+ 39. Ke2 Rbb3 40. Ra1 Rfe3+ 41. Kd2 Rxe5 0-1

[Event "Božićni turnir u VaraždinskimToplicama 26.12.2025."]
[Site "Varazdinske Toplice, Croatia"]
[Date "2025.12.26"]
[Round "4.12"]
[White "Brnadic, Grga"]
[Black "Hostnjak, Hrvoje"]
[Result "0-1"]
[TimeControl "10"]
[WhiteFideId "14578999"]
[BlackFideId "14551470"]
[WhiteElo "1387"]
[BlackElo "1704"]

1. e4 c6 2. d4 d5 3. e5 c5 4. dxc5 Nc6 5. Nf3 e6 6. a3 Bxc5 7. b4 Bb6 8.
Bb2 f6 9. Nbd2 Nge7 10. Bd3 Ng6 11.
exf6 gxf6 12. Bxg6+ hxg6 13. Nb3 Kf7 14. Nbd4 e5 15. Nxc6 bxc6 16. Qd2 a5 17. bxa5 Bxa5 18. Bc3 Bc7 19. h3 Ba6 20. Ng1 c5 21. Rb1 d4 22. Ba1 Ba5 23.
c3 e4 24. Ne2 e3 25. fxe3 Re8 26.
O-O Rxe3 27. Rf2 Qe7 28.
Qa2+ Kg7 29. c4 Re8 30. Nf4 Re1+ 31. Rxe1 Qxe1+ 32. Rf1 Qe3+ 33. Kh1 Bb7 34. Nd5 Bxd5 35. cxd5 Bc7 36. g4 Qxh3+ 37. Kg1 Qxg4+ 38. Kh1 Re2 0-1

[Event "Božićni turnir u VaraždinskimToplicama 26.12.2025."]
[Site "Varazdinske Toplice, Croatia"]
[Date "2025.12.26"]
[Round "4.13"]
[White "Kodric, Vladimir"]
[Black "Fucek, Gordan"]
[Result "1-0"]
[TimeControl "10"]
[WhiteFideId "14604264"]
[BlackFideId "14513030"]
[WhiteElo "1920"]
[BlackElo "1762"]

1. d4 Nf6 2. c3 g6 3. Bf4 Bg7 4. h3 d6 5.
Nf3 O-O 6. e3 c5 7. Be2 Nbd7 8. O-O a6 9.
Nbd2 b5 10. dxc5 Nxc5 11. Bh2 Bf5 12. Nb3 Qb6 13. Nfd4 Bd7 14. Bf3 Rac8 15. Nd2 e5 16. N4b3 Nd3 17. Rb1 a5 18. Ne4 Nxe4 19.
Bxe4 Nc5 20. Bd5 Bf5 21. Nxc5 Bxb1 22. Nd7 Qc7 23. Nxf8 Bf5 24. e4 Bxh3 25. gxh3 Bxf8 26. f4 Qc5+ 27.
Kg2 Rc7 28. fxe5 dxe5 29. Bxe5 Rd7 30. Qf3 Qa7 31. Qf6 1-0

[Event "Božićni turnir u VaraždinskimToplicama 26.12.2025."]
[Site "Varazdinske Toplice, Croatia"]
[Date "2025.12.26"]
[Round "4.15"]
[White "Bedekovic, Jakov"]
[Black "Hanjs, Vladimir"]
[Result "1-0"]
[TimeControl "10"]
[WhiteFideId "14596458"]
[BlackFideId "14531267"]
[WhiteElo "1965"]
[BlackElo "1777"]

1. e4 e6 2. d4 d5 3. Nd2 c5 4. exd5 exd5 5. Bb5+ Nc6 6. Ngf3 Nf6 7. O-O Bd6 8.
Re1+ Be6 9. dxc5 Bxc5 10. Nb3 Bb6 11.
Ng5 Qd7 12. Nxe6 fxe6 13. Qe2 O-O 14. Bxc6 bxc6 15. Be3 Rae8 16. Nc5 Qd6 17. Nd3 e5 18. Rad1 c5 19. f3 e4 20. Nf4 d4 21. Qc4+ Kh8 22. fxe4 Nxe4 23. Nh3 Qc6 24. Bxd4 Qg6 25.
Be3 Nd6 26. Qd3 Qxd3 27. Rxd3 Nc4 28. Bf2 Rxe1+ 29. Bxe1 Nxb2 30. Rd7 Nc4 31. Bc3 Rg8 32. Ng5 h6 33. Ne6 Ne5 34. Bxe5 Re8 35. Bxg7+ Kg8 36. Rd6 c4+ 37.
Kf1 Rxe6 38. Rxe6 Kxg7 39. Ke2 Kf7 40. Rc6 h5 41. Rxc4 Ke6 42. Kf3 Kf5 43. h3 Kg5 44. g4 hxg4+ 45. hxg4 Bg1 46. Ra4 Bb6 47. c4 Bc5 48. Ra5 1-0